 Dungeon Crawl Stone Soup version 0.14.0-18-g0341e45 (webtiles) character file.

688 MDvedh the Basher (level 7, 0/52 HPs)
             Began as a Human Berserker on Apr 20, 2014.
             Was a Priest of Trog.
             Succumbed to poison (a potion of poison)
             ... on Level 4 of the Dungeon.
             The game lasted 00:07:37 (5121 turns).

MDvedh the Basher (Human Berserker)                 Turns: 5121, Time: 00:07:37

HP   0/52        AC 11     Str 19      XL: 7   Next: 42%
MP   7/7         EV  7     Int 13      God: Trog [***...]
Gold 180         SH  0     Dex 12      Spells:  0 memorised,  6 levels left

rFire  . . .     SeeInvis .     p - +0 flail
rCold  . . .     Clarity  .     q - +0 chain mail
rNeg   . . .     Conserve .     (no shield)
rPois  .         rCorr    .     d - +1 helmet
rElec  .         rRot     .     s - +0 cloak
SustAb . .       Spirit   .     (no gloves)
rMut   .         Warding  .     (no boots)
Saprov . . .     Stasis   .     (no amulet)
MR     .....                    (no ring)
                                (no ring)

@: exhausted, brilliant, lethally poisoned, slowed, very slow, not resistant to
hostile enchantments, extremely unstealthy
A: no striking features
a: Burn Spellbooks, Berserk, Trog's Hand, Renounce Religion


You were on level 4 of the Dungeon.
You worshipped Trog.
Trog was most pleased with you.
You were hungry.

You visited 1 branch of the dungeon, and saw 4 of its levels.

You collected 180 gold pieces.

Inventory:

Hand weapons
 a - a +1,+1 mace
 p - a +0,+0 flail (weapon)
Armour
 d - a +1 helmet (worn)
 f - a +0 ring mail
 q - a +0 chain mail (worn)
 s - a +0 cloak (worn)
Magical devices
 v - a wand of slowing (12)
Comestibles
 c - 6 bread rations
 o - a meat ration
 u - 2 apples
Scrolls
 b - 2 scrolls of remove curse
 g - a scroll of amnesia
 h - a scroll of recharging
 i - 4 scrolls of teleportation
 j - a scroll of enchant weapon II
 r - a scroll of random uselessness {unknown}
Potions
 e - a potion of degeneration {unknown}
 k - a potion of haste
 m - a potion of poison
 t - a potion of heal wounds {unknown}


   Skills:
 - Level 3.0 Fighting
 + Level 8.0 Maces & Flails
 - Level 2.0 Armour
 - Level 2.0 Dodging


You had 6 spell levels left.
You didn't know any spells.

Dungeon Overview and Level Annotations

Branches:
Dungeon (4/15)
 Temple: D:4-7

Altars:


Message History

Unknown command.
Use which ability? (? or * to list)
Okay, then.
Drink which item? (? for menu, Esc to quit)
Okay, then.
Drink which item? (? for menu, Esc to quit)
Okay, then.
Unknown command.
Drink which item? (? for menu, Esc to quit)
That liquid tasted very nasty...
You are lethally poisoned!
It was a potion of poison.
* * * LOW HITPOINT WARNING * * *
You feel very sick. The orc hits you but does no damage.
All of the chunks of flesh in your inventory have completely rotted away.
Drink which item? (? for menu, Esc to quit)
You feel clever all of a sudden.
It was a potion of brilliance.
You die...

.................................
.................................
................[#########.......
>................#,,..)..#%......
#................#,,.....#<......
#.....########...# ,.....#.......
#.....# #...#,,.....#(((....
#.....# #...#,,...,,#().....
#.....# #..@###'#####(......
#.....* #...o........)......
#..,,,* #.....##########....
*,,,, * #.....# #.... * ,, ,*
#.....# #.... *,
,..########.....# #....
*,,..........o.....# #....
*,,o......)........##########....
,,,..............................


You could see 2 orcs.

Vanquished Creatures
  An orc warrior (D:4)
  An ogre (D:4)
  2 hounds (D:4)
  Crazy Yiuf (D:4)
  2 orc wizards (D:4)
  7 adders
  2 worms (D:2)
  A giant mite (D:2)
  2 giant geckos (D:1)
  2 oozes
  13 orcs
  2 ball pythons
  10 bats
  3 giant cockroaches (D:3)
  6 goblins
  7 hobgoblins
  A quokka (D:4)
  3 giant newts
  3 jackals (D:3)
  13 kobolds
  9 rats
  2 rat skeletons (D:4)
  A plant (D:1)
94 creatures vanquished.

Notes
Turn   | Place    | Note
--------------------------------------------------------------
     0 | D:1      | MDvedh, the Human Berserker, began the quest for the Orb.
     0 | D:1      | Reached XP level 1. HP: 18/18 MP: 1/1
   124 | D:1      | Reached XP level 2. HP: 21/24 MP: 2/2
   590 | D:1      | Reached skill level 4 in Maces & Flails
   590 | D:1      | Reached XP level 3. HP: 25/29 MP: 3/3
   771 | D:1      | Acquired Trog's second power
  1432 | D:2      | Reached XP level 4. HP: 32/35 MP: 4/4
  1982 | D:2      | Reached skill level 5 in Maces & Flails
  2616 | D:3      | Reached XP level 5. HP: 41/41 MP: 5/5
  3875 | D:3      | Reached skill level 6 in Maces & Flails
  4059 | D:4      | Reached XP level 6. HP: 43/47 MP: 6/6
  4066 | D:4      | Noticed an orc warrior
  4537 | D:4      | Killed an orc warrior
  4537 | D:4      | Reached skill level 7 in Maces & Flails
  4793 | D:4      | Reached XP level 7. HP: 34/52 MP: 7/7
  4936 | D:4      | Noticed Crazy Yiuf
  4944 | D:4      | Killed Crazy Yiuf
  5090 | D:4      | Noticed an ogre
  5099 | D:4      | Killed an ogre
  5099 | D:4      | Reached skill level 8 in Maces & Flails
  5120 | D:4      | HP: 1/52 [poison (a potion of poison)]
  5121 | D:4      | Succumbed to poison (a potion of poison)

Action                   |  1- 3 |  4- 6 |  7- 9 || total
-------------------------+-------+-------+-------++-------
Melee: Mace              |   124 |   132 |       ||   256
       Flail             |       |    99 |    25 ||   124
Invok: Berserk           |       |     2 |     2 ||     4
  Use: Scroll            |       |    13 |       ||    13
       Potion            |       |       |     2 ||     2
